Map: Dusk Towers

Players

Frozzen

  • Race: Zerg Zerg

Predator - Winner!

  • Race: Zerg Zerg
  • League: Diamond

VOD

Have the link to the VOD?

Description

Time

  • Played on: Nov. 13, 2015, 12:31 p.m.
  • Length: 4:16
Show
View Real Time Build Order
Export as new Build Order

Frozzen Zerg 

Build Orders: Hatch First 

Get SALT Encoding   

  12  0:01  Drone  
  13  0:12  Overlord  
  13  0:17  Drone  
  14  0:31  Drone  
  14  0:32  Drone  
  16  0:39  Drone  
  17  0:54  Hatchery, Drone  
  17  0:58  Drone  
  18  1:13  Spawning Pool  
  18  1:15  Drone  
  18  1:19  Drone  
  18  1:20  Extractor  
  18  1:29  Drone  
  19  1:38  Overlord  
  19  1:50  Drone  
  20  2:00  Queen  
  23  2:01  Zergling x2  
  23  2:06  Zergling x2, Queen  
  26  2:10  Drone  
  27  2:18  Drone  
  28  2:24  Drone  
  28  2:27  Metabolic Boost  
  28  2:29  Drone  
  30  2:33  Overlord  
  30  2:41  Drone  
  30  2:42  Queen  
  33  2:45  Drone  
  33  2:49  Drone  
  35  2:53  Extractor  
  35  2:57  Drone  
  34  3:10  Drone x3, Roach Warren  
  34  3:11  Overlord  
  36  3:16  Zergling x2  
  36  3:17  Zergling x6  
  38  3:33  Drone  
  38  3:34  Drone x2  
  36  3:40  Zergling x6  
  38  3:45  Zergling x6  
Show
View Real Time Build Order
Export as new Build Order

Predator Zerg - Winner!

Build Orders: Pool First 

Get SALT Encoding   

  12  0:01  Drone  
  13  0:08  Drone  
  14  0:17  Overlord  
  14  0:29  Drone, Extractor  
  14  0:30  Drone, Extractor  
  16  0:35  Drone  
  17  0:44  Drone  
  18  0:53  Spawning Pool  
  18  0:55  Drone, Extractor  
  17  1:08  Drone  
  18  1:22  Hatchery  
  17  1:28  Overlord  
  17  1:35  Drone  
  18  1:42  Queen  
  20  1:47  Drone  
  21  1:58  Metabolic Boost  
  21  2:04  Overlord  
  21  2:18  Queen  
  21  2:22  Zergling x6  
  26  2:29  Baneling Nest  
  25  2:33  Drone  
  25  2:35  Drone  
  27  2:47  Drone, Zergling x2  
  27  2:50  Zergling x2  
  27  2:51  Zergling x2  
  31  2:52  Zergling x2  
  31  2:55  Zergling x2  
  33  2:58  Zergling x2  
  34  3:06  Zergling x2  
  34  3:07  Zergling x2  
  36  3:16  Zergling x2  
  37  3:23  Zergling x2  
  37  3:29  Zergling x4  
  37  3:30  Zergling x6  
  42  3:39  Baneling x3  
  38  3:51  Zergling x2  
  38  3:53  Drone, Zergling x2  
  38  3:54  Zergling x4  
  43  3:55  Zergling x2  
Tags
 
League
Diamond
Matchup
ZvZ
Race
Zerg
Replay Pack
21-11-15
Add a new tag
Caveats
  • Supply blocks, unpowered buildings, or Contaminate may cause inaccurate times.
  • Supply counts are checked every 10 seconds.